 Dungeon Crawl Stone Soup version 0.27-a0-1048-g7ee7857c10 (webtiles) character file.

Game seed: 3662165072599161566

195 DarkShadow the Covered (level 5, -7/46 HPs)
             Began as a Minotaur Fighter on Apr 20, 2021.
             Killed by divine providence
             ... invoked by an orc priest
              (12 damage)
             ... on level 3 of the Dungeon.
             The game lasted 00:04:16 (2373 turns).

DarkShadow the Covered (Minotaur Fighter)           Turns: 2373, Time: 00:04:16

Health: -7/46      AC:  8    Str: 22    XL:     5   Next: 45%
Magic:  4/4        EV:  8    Int:  5    God:
Gold:   88         SH:  9    Dex:  9    Spells: 4/4 levels left

rFire    . . .     SeeInvis .   a - +0 long sword
rCold    . . .     Faith    .   c - +0 kite shield
rNeg     . . .     Spirit   .   b - +0 scale mail
rPois    .         Reflect  .   (helmet restricted)
rElec    .         Harm     .   h - +0 cloak
rCorr    .         Rampage  .   (no gloves)
Will     .....                  (no boots)
Stlth    ..........             (no amulet)
HPRegen  0.15/turn              (no ring)
MPRegen  0.09/turn              (no ring)

@: no status effects
A: horns 2, retaliatory headbutt
a: no special abilities


You were on level 3 of the Dungeon.
You visited 1 branch of the dungeon, and saw 3 of its levels.

You collected 88 gold pieces.

Inventory:

Hand Weapons
 a - a +0 long sword (weapon)
Armour
 b - a +0 scale mail (worn)
 c - a +0 kite shield (worn)
 h - a +0 cloak (worn)
Scrolls
 e - 4 scrolls of magic mapping {unknown}
 g - a scroll of noise {unknown}
 i - 2 scrolls of teleportation {unknown}
 k - a scroll of identify {unknown}
 l - 2 scrolls of fear {unknown}
 m - a scroll of amnesia {unknown}
Potions
 d - a potion of might
 f - a potion of curing {unknown}
 j - a potion of cancellation {unknown}


   Skills:
 + Level 4.2 Fighting
 + Level 4.0 Long Blades
 + Level 4.9 Armour
 + Level 1.4 Dodging
 + Level 1.0 Stealth
 + Level 4.6 Shields


You had 4 spell levels left.
You didn't know any spells.
Your spell library contained the following spells:

 Spells                   Type           Power      Damage    Failure   Level
 Summon Small Mammal      Summ           0%         N/A       99%         1
 Call Imp                 Summ           0%         N/A       100%        2
 Call Canine Familiar     Summ           0%         N/A       100%        3
 Summon Guardian Golem    Hex/Summ       0%         N/A       100%        3
 Summon Ice Beast         Ice/Summ       0%         N/A       100%        4
 Summon Lightning Spire   Summ/Air       0%         N/A       100%        4


Dungeon Overview and Level Annotations

Branches:
Dungeon (3/15)

Altars:
Trog

Shops:
D:1 =:[:[

Annotations:
D:3 2 transporters


Innate Abilities, Weirdness & Mutations

You have a pair of horns on your head.
You reflexively headbutt those who attack you in melee.


Message History

The orc warrior shouts!
You slash the orc!
You kill the orc!
The hobgoblin hits you. You block the orc's attack.
The hobgoblin hits you but does no damage.
You closely miss the orc. You headbutt the orc.
The orc is severely wounded.
You block the orc's attack.
The hobgoblin hits you but does no damage.
The orc priest hits you with a +0 flail.
You block the orc's attack.
You closely miss the orc.
The orc is severely wounded.
You block the hobgoblin's attack.
The orc priest hits you with a +0 flail.
The orc hits you but does no damage.
You hit the orc.
You kill the orc!
The hobgoblin barely misses you.
The orc priest mumbles some strange prayers to Beogh against you.
Pain shoots through your body! The hobgoblin hits you.
You are too injured to fight recklessly!
You are too injured to fight recklessly!
You are too injured to fight recklessly!
You are too injured to fight recklessly!
You are too injured to fight recklessly!
You are too injured to fight recklessly!
You are too injured to fight recklessly!
You are too injured to fight recklessly!
You are too injured to fight recklessly!
You are too injured to fight recklessly!
You block the hobgoblin's attack. You block the hobgoblin's attack.
There is a stone staircase leading down here.
The orc warrior hits you with a +0 dire flail!
* * * LOW HITPOINT WARNING * * *
The hobgoblin hits you but does no damage.
The orc priest calls down the wrath of Beogh upon you.
Beogh smites you!
You die...

.. ..#....# . #.. #..##.#
.. ..##..##.# . ..
#..#....# #. . ..
...#...## ####.# ...#!
#..#...#######...#
..#...##...#........#..##
#....).g...#######.#.#.##
......).o@.## #......#
###<....o#.# ###.##..
##.#.###.# ######.....
#.#. #.# #.........# # ##
#.# #.####..... ##
#.#####.####.#..# ..
..#.......##.#..#
##.####.....#.##.#...
#...# #.....#.##..#..


You could see an orc warrior, an orc priest and a hobgoblin.

Vanquished Creatures
  A necrophage (D:2)
  4 adders (D:2)
  2 dart slugs (D:2)
  2 orcs (D:3)
  5 ball pythons
  5 endoplasms
  4 giant cockroaches
  4 goblins
  5 hobgoblins
  9 jackals
  A quokka (D:2)
  3 bats
  2 frilled lizards
  5 kobolds
  5 rats (D:1)
57 creatures vanquished.

Notes
Turn   | Place    | Note
-------+----------+-------------------------------------------
     0 | D:1      | DarkShadow the Minotaur Fighter began the quest for the
                  | Orb.
     0 | D:1      | Reached XP level 1. HP: 19/19 MP: 0/0
    54 | D:1      | Found a faded altar of an unknown god.
   154 | D:1      | Found Xiuphuss's Antique Armour Shop.
   181 | D:1      | Reached XP level 2. HP: 24/27 MP: 1/1
   312 | D:1      | Found Fagh's Book Boutique.
   376 | D:1      | Found Qiahoyv's Armour Boutique.
   480 | D:1      | Found Opeujos's Book Shoppe.
   484 | D:1      | Found Ytomeske's Jewellery Emporium.
   650 | D:1      | Reached XP level 3. HP: 33/33 MP: 2/2
  1373 | D:2      | Reached XP level 4. HP: 32/40 MP: 3/3
  1439 | D:2      | Noticed a necrophage
  1446 | D:2      | Killed a necrophage
  1447 | D:2      | Reached skill level 1 in Dodging
  1447 | D:2      | Reached skill level 1 in Stealth
  1447 | D:2      | Reached XP level 5. HP: 42/46 MP: 4/4
  2051 | D:3      | Found a transporter.
  2102 | D:3      | Found a bloodstained altar of Trog.
  2210 | D:3      | Found a transporter.
  2365 | D:3      | Noticed an orc warrior
  2373 | D:3      | Killed from afar by an orc priest

Illustrated notes

Levels and vault maps discovered:
D:1:      lightli_arrival_lavapool, layout_rooms, basic_ecumenical_altar,
          serial_shops, shop, shop, shop, nicolae_shop_behind_doors, shop,
          minmay_shallow_snake_nest
D:2:      layout_loops_ring, grunt_decor_clamped
D:3:      gammafunk_wand_slinger, layout_loops_cross, grunt_gozag_breadcrumbs,
          lemuel_round_altar, minmay_misc_feat_chi, minivault_26

Skill      XL: |  1  2  3  4  5 |
---------------+----------------+-----
Armour         | 4 |  4.9
Shields        | 4 |  4.6
Fighting       | 4 |  4.2
Long Blades    | 3 4 |  4.0
Dodging        | 1 |  1.4
Stealth        | 1 |  1.0

Action                   |  1- 3 |  4- 6 || total
-------------------------+-------+-------++-------
Melee: Long sword        |   104 |    46 ||   150
       Headbutt          |    12 |     9 ||    21
Armor: Scale mail        |    53 |    23 ||    76
Dodge: Dodged            |    34 |    18 ||    52
Block: Kite shield       |    59 |    33 ||    92
       Rpst.: Long sword |     7 |     3 ||    10

Table legend: (Time is in decaauts)
 A = Elapsed time spent in this place.
 B = Non-inter-level travel time spent in this place.
 C = Inter-level travel time spent in this place.
 D = Time resting spent in this place.
 E = Time spent auto-exploring this place.
 F = Levels seen in this place.
 G = Mean time per level.
                   A        B        C        D        E       F      G
               +--------+--------+--------+--------+--------+-----+--------+
         Total |   2441 |   2338 |    103 |    293 |   1634 |   3 |  813.7 |
       Dungeon |   2441 |   2338 |    103 |    293 |   1634 |   3 |  813.7 |
               +--------+--------+--------+--------+--------+-----+--------+

Top non-repeatable levels by time:
     D:2: 1184 daAuts
     D:1: 926 daAuts
     D:3: 330 daAuts
